Map: Frost LE

Players

Major (SpeCial)

  • Race: Terran Terran
  • League: Grandmaster

LiquidTLO (TLO) - Winner!

  • Race: Zerg Zerg
  • League: Grandmaster

VOD

Have the link to the VOD?

Description

Time

  • Played on: July 5, 2016, 10:22 a.m.
  • Length: 8:49
Show
View Real Time Build Order
Export as new Build Order

Major Terran 

Build Orders: Liberator Opening, Reaper Expand 

Get SALT Encoding   

  12  0:01  SCV  
  13  0:13  SCV  
  14  0:17  Supply Depot  
  14  0:25  SCV  
  15  0:28  Refinery  
  15  0:39  SCV  
  16  0:45  Barracks  
  16  0:51  SCV  
  17  1:03  SCV  
  18  1:15  SCV  
  19  1:33  Reaper, Orbital Command  
  20  1:44  Command Center  
  20  1:55  Factory  
  20  1:59  SCV  
  21  2:10  Barracks Reactor  
  21  2:12  Supply Depot  
  21  2:15  Supply Depot  
  21  2:16  SCV  
  21  2:22  Refinery  
  22  2:28  SCV  
  23  2:40  SCV  
  24  2:46  Starport  
  24  2:52  SCV  
  24  2:53  Hellion x2  
  24  2:54  Marine  
  30  3:02  Orbital Command  
  30  3:06  SCV  
  31  3:14  Armory  
  31  3:18  Marine  
  32  3:21  Hellion  
  34  3:27  Hellion  
  34  3:33  Medivac  
  38  3:38  SCV x2  
  40  3:45  Supply Depot  
  40  3:46  Marine  
  41  3:49  Liberator  
  41  3:52  Hellion x2  
  45  3:56  SCV  
  46  4:06  SCV  
  46  4:07  Barracks Tech Lab  
  50  4:14  SCV  
  50  4:16  Supply Depot  
  50  4:19  Hellion, SCV  
  53  4:35  SCV  
  53  4:38  Hellion, SCV, Liberator  
  57  4:40  Supply Depot  
  49  4:50  Hellion  
  49  4:52  SCV x2  
  49  5:00  Hellion  
  49  5:02  Barracks Reactor  
  49  5:04  Supply Depot  
  49  5:07  SCV  
  49  5:08  SCV  
  49  5:13  Hellion  
  53  5:16  Terran Ship Weapons Level 1  
  53  5:20  SCV x2  
  57  5:21  Hellion  
  57  5:33  Liberator x2  
  57  5:36  SCV x2  
  57  5:37  Command Center  
  57  5:38  Supply Depot  
  59  5:44  Hellion x2  
  59  5:48  SCV x2  
  59  5:49  Refinery x2  
  71  6:00  SCV x2  
  71  6:04  Supply Depot  
  73  6:05  Hellion x2  
  77  6:12  SCV x2  
  77  6:16  Liberator x2  
  79  6:24  SCV x2  
  78  6:27  Hellion x2  
  82  6:36  SCV x2  
  90  6:40  Starport  
  90  6:48  Hellion x2, SCV x2  
  90  6:51  Refinery  
  90  6:53  Orbital Command  
  96  6:55  Refinery  
  96  6:58  Engineering Bay  
  96  7:00  SCV x2  
  98  7:08  Barracks Tech Lab, Liberator x2  
  98  7:10  Hellion x2  
  98  7:12  SCV  
  98  7:13  Starport, SCV  
  100  7:21  Banshee  
  101  7:25  SCV x2  
  104  7:31  SCV  
  104  7:32  Hellion x8  
  104  7:37  SCV x2  
  95  7:43  SCV  
  97  7:45  Missile Turret  
  97  7:49  SCV x2  
  96  7:55  SCV  
  96  7:56  Supply Depot  
  97  7:58  Supply Depot  
  97  7:59  Hellion x2  
  97  8:01  SCV x2  
  98  8:20  Hellion x2  
  98  8:26  Missile Turret  
Show
View Real Time Build Order
Export as new Build Order

LiquidTLO Zerg - Winner!

Build Orders: Hatch First, Zergling Baneling 

Get SALT Encoding   

  12  0:00  Drone  
  13  0:13  Overlord  
  13  0:17  Drone  
  14  0:31  Drone  
  14  0:32  Drone  
  14  0:35  Drone  
  17  0:52  Hatchery  
  17  0:55  Drone  
  17  0:58  Drone  
  17  1:00  Extractor  
  17  1:14  Spawning Pool  
  17  1:17  Drone  
  17  1:20  Drone  
  18  1:29  Drone  
  19  1:40  Overlord  
  20  1:54  Drone  
  20  2:01  Zergling x2, Queen  
  22  2:02  Metabolic Boost  
  22  2:05  Queen  
  25  2:15  Drone x3  
  28  2:22  Drone  
  29  2:26  Drone  
  29  2:37  Queen  
  29  2:40  Overlord  
  29  2:41  Drone  
  32  2:51  Hatchery  
  32  2:56  Overlord  
  31  2:59  Drone  
  31  3:03  Drone x2  
  34  3:07  Queen  
  36  3:17  Drone  
  36  3:18  Drone  
  36  3:19  Drone x2  
  40  3:21  Drone  
  40  3:22  Drone  
  40  3:27  Baneling Nest  
  41  3:29  Zergling x2  
  41  3:30  Zergling x2  
  43  3:35  Overlord  
  43  3:39  Zergling x4  
  45  3:42  Drone  
  45  3:48  Drone x2  
  48  3:49  Drone  
  48  3:50  Drone  
  48  3:53  Overlord  
  50  4:03  Overlord  
  50  4:05  Zergling x4  
  52  4:11  Zergling x2  
  52  4:14  Zergling x2  
  52  4:15  Queen  
  56  4:18  Spore Crawler  
  56  4:21  Drone, Spore Crawler  
  56  4:22  Drone  
  56  4:23  Drone  
  57  4:24  Baneling x6  
  57  4:25  Zergling x2  
  57  4:27  Zergling x2, Baneling  
  59  4:33  Baneling  
  59  4:34  Baneling, Drone  
  59  4:35  Zergling x2  
  59  4:36  Spore Crawler  
  60  4:39  Drone  
  58  4:46  Drone  
  58  4:48  Drone  
  58  4:50  Drone  
  58  4:51  Drone x5  
  63  4:53  Drone x2  
  63  4:57  Drone  
  66  5:02  Drone  
  66  5:03  Evolution Chamber x2  
  66  5:04  Extractor, Drone  
  66  5:06  Drone  
  67  5:07  Drone  
  67  5:09  Drone  
  67  5:10  Extractor  
  67  5:11  Drone  
  67  5:12  Extractor, Drone  
  68  5:19  Overlord  
  68  5:22  Drone  
  68  5:23  Spore Crawler  
  68  5:26  Drone  
  68  5:28  Drone x2  
  70  5:31  Drone  
  70  5:32  Drone x2  
  70  5:33  Drone x2  
  70  5:34  Drone  
  70  5:35  Drone  
  78  5:36  Drone  
  78  5:39  Drone  
  78  5:40  Drone  
  81  5:42  Baneling  
  81  5:43  Zergling x2, Baneling x2  
  81  5:47  Roach Warren, Zergling x2  
  81  5:48  Zergling x2  
  83  5:51  Zerg Missile Weapons Level 1, Spine Crawler  
  83  5:53  Zergling x2  
  83  5:55  Drone  
  83  5:56  Zerg Ground Armor Level 1  
  84  5:58  Drone  
  84  5:59  Zergling x2  
  84  6:01  Overlord  
  86  6:04  Drone  
  86  6:06  Lair  
  86  6:09  Overlord  
  86  6:10  Drone  
  86  6:11  Extractor x2  
  86  6:12  Overlord  
  86  6:17  Drone  
  86  6:18  Drone  
  86  6:23  Overlord  
  86  6:24  Overlord  
  86  6:26  Overlord  
  86  6:27  Roach x2  
  86  6:28  Roach  
  86  6:30  Roach  
  96  6:32  Roach  
  96  6:33  Roach  
  96  6:35  Drone  
  96  6:39  Pneumatized Carapace  
  99  6:42  Roach  
  99  6:45  Drone  
  99  6:46  Roach x2  
  106  6:49  Roach x2  
  106  6:51  Drone  
  106  6:52  Drone  
  106  6:53  Drone  
  113  6:55  Roach  
  113  6:56  Roach  
  113  6:57  Roach x2  
  113  6:59  Roach x2  
  113  7:00  Roach  
  127  7:07  Glial Reconstitution  
  126  7:09  Roach  
  126  7:12  Roach  
  126  7:13  Roach  
  129  7:18  Roach  
  129  7:19  Queen  
  128  7:33  Roach  
  128  7:34  Zergling x2  
  130  7:40  Overlord x3  
  130  7:41  Overlord  
  130  7:42  Overlord, Zergling x2  
  123  7:46  Ravager x2  
  123  7:47  Zergling x4, Ravager x2  
  123  7:48  Zergling x2  
  130  7:58  Queen x2  
  134  7:59  Zergling x4  
  134  8:00  Zergling x2  
  134  8:04  Ravager x2  
  134  8:05  Zergling x2, Queen  
  140  8:06  Zergling x2, Hatchery  
  140  8:07  Zergling x4  
  140  8:09  Zergling x4  
  140  8:10  Zergling x4  
  146  8:14  Roach  
  146  8:16  Overseer  
  146  8:17  Zergling x2  
  145  8:21  Roach  
  145  8:22  Roach  
  145  8:24  Roach  
  144  8:29  Roach x2  
  144  8:33  Ravager x2  
Tags
 
Add a new tag
Caveats
  • Supply blocks, unpowered buildings, or Contaminate may cause inaccurate times.
  • Supply counts are checked every 10 seconds.